 Dungeon Crawl Stone Soup version 0.18.1-8-gdd0e5ea (webtiles) character file.

7113 Heskey the Fighter (level 10, -6/88 HPs)
             Began as a Demonspawn Gladiator on May 25, 2016.
             Was an Elder of Okawaru.
             Mangled by a brown ugly thing (11 damage)
             ... on level 10 of the Dungeon on May 29, 2016.
             The game lasted 00:26:54 (14072 turns).

Heskey the Fighter (Demonspawn Gladiator)          Turns: 14072, Time: 00:26:55

Health: -6/88      AC: 14    Str: 18    XL:     10   Next: 85%
Magic:  10/10      EV:  7    Int:  9    God:    Okawaru [****..]
Gold:   591        SH:  8    Dex: 15    Spells: 0 memorised, 9 levels left

rFire  + . .     SeeInvis .     a - +0 trident
rCold  + . .     Gourm    .     i - +1 plate armour
rNeg   . . .     Faith    .     f - +0 buckler
rPois  .         Spirit   .     y - +0 helmet
rElec  .         Dismiss  .     o - +0 cloak
rCorr  .         Reflect  .     (no gloves)
SustAt .         Harm     .     k - +0 pair of boots
MR     .....                    (no amulet)
Stlth  ..........               (no ring)
                                n - ring of stealth

@: corroded, very slightly contaminated, not resistant to hostile enchantments,
extremely unstealthy
A: hooves 2, large bone plates 2, cold resistance 1, fire resistance 1,
nightstalker 2
a: Heroism, Renounce Religion


You were on level 10 of the Dungeon.
You worshipped Okawaru.
Okawaru was greatly pleased with you.
You were very hungry.

You visited 2 branches of the dungeon, and saw 12 of its levels.

You collected 591 gold pieces.

Inventory:

Hand Weapons
 a - a +0 trident (weapon)
 l - the +8 hand crossbow "Xujod" {speed, *Confuse rPois Str+3}
   (You found it on level 9 of the Dungeon)

   Attacks with this weapon are significantly faster.
   It affects your strength (+3).
   It protects you from poison.
   It may confuse you when you take damage.
 p - the +7 Singing Sword
   (You found it on level 8 of the Dungeon)
Missiles
 d - 3 throwing nets (quivered)
Armour
 f - a +0 buckler (worn)
 i - a +1 plate armour (worn)
 k - a +0 pair of boots (worn)
 o - a +0 cloak (worn)
 r - a +1 hat
 y - a +0 helmet (worn)
Jewellery
 n - a ring of stealth (left hand)
Wands
 g - a wand of lightning (8/15)
 q - a wand of polymorph (10/24)
 v - a wand of random effects (30/48)
 C - a wand of iceblast (13/15)
Scrolls
 e - 5 scrolls of teleportation
 h - 16 scrolls of identify
 s - 2 scrolls of amnesia
 x - 7 scrolls of remove curse
Potions
 m - 2 potions of curing
 w - 3 potions of heal wounds
 z - a potion of mutation {unknown}
 A - 2 potions of flight
 B - a potion of brilliance
 D - a potion of might {unknown}
Comestibles
 b - 3 beef jerkies
 c - 5 slices of pizza
 j - 3 meat rations
 t - 6 bread rations


   Skills:
 * Level 11.5 Fighting
 + Level 8.8 Polearms
 - Level 1.7 Throwing
 + Level 8.5 Armour
 - Level 2.8 Dodging
 + Level 2.7 Shields


You had 9 spell levels left.
You didn't know any spells.

Dungeon Overview and Level Annotations

Branches:
Dungeon (11/15)            Temple (1/1) D:4            Lair (0/8) D:10
    Orc: D:9-12

Altars:
Dithmenos
Elyvilon
Fedhas
Gozag
Kikubaaqudgha
Makhleb
Nemelex Xobeh
Okawaru
Pakellas
Qazlal
Sif Muna
Trog
Vehumet
Xom
Yredelemnul
The Shining One


Innate Abilities, Weirdness & Mutations

You have hoof-like feet.
You are mostly covered in large bone plates (AC +3, SH +3).
Your flesh is cold resistant.
You are significantly more attuned to the shadows.
Your flesh is heat resistant.


Message History

The brown ugly thing is heavily wounded.
The brown ugly thing claws you.
* * * LOW HITPOINT WARNING * * *
You are splashed with acid!
The acid burns!
* * * LOW HITPOINT WARNING * * *
The brown ugly thing bites you but does no damage.
You can't go up here!
Read which item? (? for menu, Esc to quit)
Blink to where?
Press: ? - help, Dir - move target cursor You are very lightly contaminated with residual magic.
As you read the scroll of blinking, it crumbles to dust.
The brown ugly thing bites you!
* * * LOW HITPOINT WARNING * * *
You are splashed with acid!
The acid burns!
* * * LOW HITPOINT WARNING * * *
You climb upwards.
There is a stone staircase leading down here.
The brown ugly thing bites you!
You die...

##.....# #.##.#.#.## ##.....#
#.##..##..###### ##.....#
##.##.##.........
###...###########...#..#...######
# ##.#................#...#......
# #<#.#########....#.##..#.#####
####.#.###### #.####.##..#.#####
............####.###...#.........
####............@........##.####.
###.####.....u........##(####.
#.# ######..........(...... #.#
#>#.......##.####.
#.#########.##......##.####.
#...........###...#.##...o{.
############# ##.##.#######.
#.##.#######. #.##.........


You could see a brown ugly thing.

Vanquished Creatures
  An ugly thing (D:11)
  An elephant (D:10)
  A centaur skeleton (D:11)
  A shadow (D:10)
  A wyvern (D:9)
  A human (D:7)
  6 yaks
  2 hungry ghosts (D:9)
  2 orc warriors
  2 ice beasts
  A black bear (D:9)
  2 sky beasts
  2 phantoms
  4 ogres
  2 centaurs
  3 big kobolds
  5 giant frogs
  A gnoll sergeant (D:7)
  A wyvern skeleton (D:9)
  3 scorpions
  8 crimson imps
  2 giant frog zombies
  6 hounds
  3 jellies
  2 quasits
  2 centaur zombies
  6 orc priests
  A giant frog skeleton (D:9)
  An iguana (D:4)
  13 orc wizards
  12 worker ants
  6 sheep
  3 hound zombies
  A hound skeleton (D:7)
  A howler monkey skeleton (D:5)
  Robin (D:2)
  3 worker ant zombies
  12 adders
  7 gnolls
  A shadow imp (D:8)
  4 oozes
  3 adder skeletons
  2 worms (D:3)
  4 dart slugs
  5 giant geckos
  41 orcs
  A ball python (D:1)
  5 bats
  3 giant cockroaches
  10 goblins
  11 hobgoblins
  16 jackals
  3 quokkas
  A giant cockroach zombie (D:6)
  A giant gecko skeleton (D:8)
  9 giant newts
  A goblin zombie (D:7)
  A jackal skeleton (D:4)
  A jackal zombie (D:5)
  33 kobolds
  A quokka skeleton (D:5)
  12 rats
  A rat zombie (D:7)
  A plant (D:5)
303 creatures vanquished.

Vanquished Creatures (others)
  A centaur skeleton (D:5)
  A goblin (D:2)
2 creatures vanquished.

Grand Total: 305 creatures vanquished

Notes
Turn   | Place    | Note
--------------------------------------------------------------
     0 | D:1      | Heskey the Demonspawn Gladiator began the quest for the Orb.
     0 | D:1      | Reached XP level 1. HP: 16/16 MP: 1/1
   240 | D:1      | Gained mutation: You are slightly more attuned to the shadows. [demonic ancestry]
   240 | D:1      | Reached XP level 2. HP: 5/23 MP: 2/2
  1041 | D:1      | Reached skill level 1 in Armour
  1072 | D:1      | Reached skill level 3 in Fighting
  1072 | D:1      | Gained mutation: You are partially covered in large bone plates (AC +2, SH +2). [demonic ancestry]
  1072 | D:1      | Reached XP level 3. HP: 18/29 MP: 3/3
  1312 | D:2      | Noticed Robin
  1787 | D:2      | Killed Robin
  2187 | D:2      | Gained mutation: You have large cloven feet. [demonic ancestry]
  2187 | D:2      | Reached XP level 4. HP: 35/35 MP: 4/4
  2356 | D:2      | Found a deep blue altar of Sif Muna.
  2724 | D:2      | Gained mutation: Your flesh is heat resistant. [potion of beneficial mutation]
  3066 | D:3      | Reached skill level 4 in Fighting
  3076 | D:3      | Found a radiant altar of Vehumet.
  3111 | D:3      | Gained mutation: Your flesh is cold resistant. [demonic ancestry]
  3111 | D:3      | Reached XP level 5. HP: 37/42 MP: 5/5
  3225 | D:3      | Found a stormy altar of Qazlal.
  3760 | D:3      | Reached skill level 8 in Fighting
  3760 | D:3      | Reached XP level 6. HP: 56/56 MP: 6/6
  3791 | D:3      | Found an opulent altar of Gozag.
  4114 | D:4      | Gained mutation: You are mostly covered in large bone plates (AC +3, SH +3). [demonic ancestry]
  4114 | D:4      | Reached XP level 7. HP: 60/63 MP: 7/7
  5019 | D:4      | Found a staircase to the Ecumenical Temple.
  5027 | Temple   | Entered the Ecumenical Temple
  5189 | D:5      | Entered Level 5 of the Dungeon
  5552 | D:5      | Reached skill level 9 in Fighting
  5552 | D:5      | Gained mutation: You have hoof-like feet. [demonic ancestry]
  5552 | D:5      | Reached XP level 8. HP: 13/71 MP: 8/8
  6125 | D:5      | Found a bloodstained altar of Trog.
  6125 | D:5      | Found an iron altar of Okawaru.
  6137 | D:5      | Became a worshipper of Warmaster Okawaru
  6299 | D:5      | Found a burning altar of Makhleb.
  7153 | D:6      | Reached * piety under Okawaru
  7415 | D:7      | Identified the Tome of Boosting Bewitchment
  7644 | D:7      | HP: 2/71 [orc priest/nerve-wracking pain (7)]
  8052 | D:7      | Gained mutation: You are significantly more attuned to the shadows. [demonic ancestry]
  8052 | D:7      | Reached XP level 9. HP: 78/78 MP: 9/9
  8745 | D:8      | Reached skill level 10 in Fighting
  8767 | D:7      | Reached ** piety under Okawaru
  9941 | D:8      | Reached *** piety under Okawaru
 10557 | D:7      | Reached XP level 10. HP: 50/86 MP: 10/10
 10768 | D:8      | Reached skill level 1 in Shields
 11295 | D:9      | Reached skill level 11 in Fighting
 11302 | D:9      | Found a basalt altar of Yredelemnul.
 11636 | D:9      | Reached **** piety under Okawaru
 11671 | D:9      | Got a faintly glowing hand crossbow
 11672 | D:9      | Identified the +8 hand crossbow "Xujod" {speed, *Confuse rPois Str+3} (You found it on level 9 of the Dungeon)
 11887 | D:10     | Entered Level 10 of the Dungeon
 12372 | D:11     | Noticed a red ugly thing
 12397 | D:11     | Killed a red ugly thing
 12492 | D:11     | Noticed a brown ugly thing
 12496 | D:11     | Noticed a brown ugly thing
 13216 | D:10     | Found a staircase to the Lair.
 13216 | D:10     | Noticed an elephant
 13251 | D:10     | Killed an elephant
 14068 | D:11     | HP: 4/88 [acid (7)]
 14072 | D:10     | Mangled by a brown ugly thing

Skill      XL: |  1  2  3  4  5  6  7  8  9 10 |
---------------+-------------------------------+-----
Armour         | 1 2 6 7 8 |  8.5
Fighting       | 3 4 8 9 10 11 | 11.5
Polearms       | 3 7 8 |  8.8
Shields        | 2 |  2.7
Throwing       | |  1.7
Dodging        | |  2.8

Action                   |  1- 3 |  4- 6 |  7- 9 | 10-12 || total
-------------------------+-------+-------+-------+-------++-------
Melee: Trident           |   150 |   261 |   918 |   480 ||  1809
       Kick              |       |    60 |    58 |       ||   118
Throw: Throwing net      |       |       |       |     1 ||     1
Invok: Heroism           |       |       |       |     1 ||     1
  Use: Scroll            |     4 |       |     5 |     2 ||    11
       Potion            |     2 |     4 |    10 |     1 ||    17
 Stab: Sleeping          |     7 |       |    10 |       ||    17
       Distracted        |       |       |     3 |       ||     3
       Held in net/web   |       |       |       |     1 ||     1
  Eat: Chunk             |     1 |     5 |    10 |     6 ||    22
       Bread ration      |     1 |       |     1 |       ||     2
       Fruit             |       |       |     3 |     1 ||     4
       Meat ration       |       |       |     1 |     1 ||     2
       Pizza             |       |       |       |     3 ||     3
       Beef jerky        |       |       |       |     3 ||     3
Armor: Leather armour    |    15 |       |       |       ||    15
       Scale mail        |    26 |   132 |   199 |       ||   357
       Plate armour      |       |       |   193 |   258 ||   451
Dodge: Dodged            |    93 |   139 |   330 |   107 ||   669
Block: Other             |     8 |    13 |    79 |       ||   100
       Buckler           |       |       |    14 |   123 ||   137
